AoeStats
← Thousk_

Arabia

510425855Analyzed
1v1 RM · 18h ago on Oct 1, 2026· 38m 9s· 2 players
Game mode
Random Map
Map size
Tiny (2 player)
Population
200
Speed
Normal
Resources
Standard
Victory
Conquest
Starting age
Dark Age
Ending age
Imperial Age
RankedLock teamsTeams togetherTeam positionsShared explorationLock speedFull tech treeHidden civsTurbo modeCheats
Victory
Defeat
🇨🇴 Franks · Colombia
1153
+16
🇺🇸 Maya · United States
1148
-16
TamerCaribou922
0:29 Loom
9:09 Feudal Age
18:57 Fletching
24:32 Castle Age
25:11 Bodkin Arrow
24:39 Crossbowman
Thousk_
6:17 Loom
9:07 Feudal Age
9:56 Double-Bit Axe
17:57 Fletching
20:53 Padded Archer Armor
26:17 Castle Age
Connection lost

Rejoining the realm…

Still unreachable

The connection could not be restored.

Session expired

The server has moved on; the page needs a fresh start.